 Dungeon Crawl Stone Soup version 0.31.0-9-g3a7656b989 (webtiles) character file.

Game seed: 9064277284472418880

60 qw the Shooter (level 3, 0/18 HPs)
             Began as a Spriggan Hunter on Feb 2, 2024.
             Slain by a gnoll
             ... wielding a +0 halberd
              (6 damage)
             ... on level 3 of the Dungeon.
             The game lasted 00:00:03 (1430 turns).

qw the Shooter (Spriggan Hunter)                    Turns: 1430, Time: 00:00:04

Health: 0/18       AC:  2    Str:  7    XL:     3   Next: 82%
Magic:  4/4        EV: 10    Int: 10    God:
Gold:   92         SH:  0    Dex: 20    Spells: 2/2 levels left

rFire   . . .        a - +1 shortbow
rCold   . . .        (shield currently unavailable)
rNeg    . . .        c - +0 robe
rPois   .            (helmet restricted)
rElec   .            (no cloak)
rCorr   .            (gloves unavailable)
SInv    +            (boots unavailable)
Will    .....        (no amulet)
Stlth   ++           (no ring)
HPRegen 0.23/turn    (no ring)
MPRegen 0.09/turn

%: no passive effects
@: held, very quick
A: very small, no large weapons, unfitting armour, see invisible, speed 3
a: no special abilities


You were on level 3 of the Dungeon.
You visited 1 branch of the dungeon, and saw 3 of its levels.

You collected 92 gold pieces.


Innate Abilities, Weirdness & Mutations

You are very small and have problems with some larger weapons.
You are too small for most types of armour.
You have supernaturally acute eyesight. (SInv)
You cover ground extremely quickly. (Speed+++)


   Skills:
 - Level 1.5 Fighting
 - Level 5.0 Ranged Weapons
 + Level 4.0 Dodging
 - Level 1.5 Stealth


You had 2 spell levels left.
You didn't know any spells.
Your spell library was empty.

Inventory:

Hand Weapons
 a - a +1 shortbow (weapon)
Armour
 c - a +0 robe (worn)
Potions
 d - 2 potions of mutation
 e - 2 potions of enlightenment
 h - 2 potions of curing
 j - a potion of haste {unknown}

Dungeon Overview and Level Annotations

Branches:
Dungeon (3/15)

Altars:


Message History

Your roots penetrate the ground.
You start resting.
Your transformation is almost over.
You feel less wooden.
HP restored.
Your +0 robe unmelds from your body.
Done exploring.
1398 ||| DROPPING potion of lignification.
You drop a potion of lignification.
Done exploring.
1399 ||| DROPPING potion of berserk rage.
You drop a potion of berserk rage.
Done exploring.
What level of the Dungeon? (default 2, ? - help)
There is an open door here.
There is a stone staircase leading down here.
You climb downwards.
Found three items.
There is a stone staircase leading up here.
There are monsters nearby!
Waypoint 2 assigned to D:3.
You shoot an arrow. The arrow hits the gnoll!
The gnoll is severely wounded.
The gnoll shouts! x2
A gnoll comes into view. It is wielding a +0 spear.
You shoot an arrow. The arrow closely misses the gnoll.
The gnoll shouts!
You shoot an arrow. The arrow hits the gnoll!
You kill the gnoll!
Your Ranged Weapons skill increases to level 5!
You shoot an arrow. The arrow closely misses the gnoll.
The gnoll throws a throwing net.
The throwing net hits you.
You become entangled in the net!
You tear a large gash into the net.
The gnoll hits you from afar with a +0 halberd!
Ouch! That really hurt!
You struggle against the net.
The gnoll barely misses you.
You struggle against the net.
A rat comes into view.
The gnoll hits you from afar with a +0 halberd.
You die...

..#.
##.#.#####
......:..#
.........##
..........
r...)g...#
.....g...#
.....g.@.#
.........#
.........#
..!....?.#
.........#
##########


You could see 3 gnolls and a rat (wandering).

Vanquished Creatures
  A gnoll (D:3)
  An adder (D:2)
  8 ball pythons
  4 endoplasms
  4 giant cockroaches (D:1)
  4 goblins
  3 hobgoblins
  3 kobolds
  A quokka (D:1)
  3 bats
  4 frilled lizards
  4 rats (D:1)
40 creatures vanquished.

Notes
Turn   | Place    | Note
-------+----------+-------------------------------------------
     0 | D:1      | qw the Spriggan Hunter began the quest for the Orb.
     0 | D:1      | Reached XP level 1. HP: 10/10 MP: 2/2
     0 | D:1      | 0 ||| qw: Version: 0.3-a-155-g5e7d8dd
     0 | D:1      | 0 ||| qw: Game counter: 2436
     0 | D:1      | 0 ||| qw: Melee chars always use a shield: true
     0 | D:1      | 0 ||| qw: God list: Okawaru
     0 | D:1      | 0 ||| qw: Allow faded altars: false
     0 | D:1      | 0 ||| qw: Do Orc after clearing Dungeon:15 true
     0 | D:1      | 0 ||| qw: Do second Lair branch before Depths: true
     0 | D:1      | 0 ||| qw: Lair rune preference: random
     0 | D:1      | 0 ||| qw: Goals: Normal
     0 | D:1      | 0 ||| PLANNING D:1-11
    11 | D:1      | Reached skill level 3 in Dodging
   172 | D:1      | Reached XP level 2. HP: 14/14 MP: 3/3
   264 | D:1      | Found a faded altar of an unknown god.
   708 | D:1      | 708 ||| READING 2 scrolls labelled QAEM HOTZICOS.
   708 | D:1      | 708 ||| IDENTIFYING silvery potion
   709 | D:1      | 709 ||| READING scroll of identify.
   709 | D:1      | 709 ||| IDENTIFYING 2 sedimented inky potions
   710 | D:1      | 710 ||| READING scroll labelled UCEAQO VIONT.
   710 | D:1      | 710 ||| ENCHANTING +0 shortbow.
   711 | D:1      | 711 ||| READING 2 scrolls labelled QIMPONIAMA.
   812 | D:1      | 812 ||| DRINKING 2 smoky puce potions.
   813 | D:1      | 813 ||| DROPPING scroll of butterflies.
   814 | D:1      | 814 ||| DROPPING scroll of vulnerability.
   857 | D:2      | Reached XP level 3. HP: 18/18 MP: 4/4
  1346 | D:2      | 1346 ||| READING scroll of identify.
  1346 | D:2      | 1346 ||| IDENTIFYING clear potion
  1347 | D:2      | 1347 ||| READING scroll labelled NAQI VOROL.
  1348 | D:2      | 1348 ||| DRINKING 2 red potions.
  1398 | D:2      | 1398 ||| DROPPING potion of lignification.
  1399 | D:2      | 1399 ||| DROPPING potion of berserk rage.
  1427 | D:3      | Reached skill level 5 in Ranged Weapons
  1430 | D:3      | Slain by a gnoll

Levels and vault maps discovered:
D:1:      minmay_arrival_radiant_lines, layout_basic,
          ebering_ecumenical_altar_sacrificial
D:2:      layout_basic
D:3:      layout_rooms

Skill      XL: |  1  2  3 |
---------------+----------+-----
Dodging        | 3 4 |  4.0
Ranged Weapons | 5 |  5.0
Fighting       | |  1.5
Stealth        | |  1.5

Action                     || total
---------------------------++-------
   Fire: Shortbow          ||    85
    Use: Scroll            ||     6
         Potion            ||     2
 Armour: Robe              ||     9
  Dodge: Dodged            ||    23

Table legend:
 A = Non-vault XP
 B = Vault XP
 C = Vault XP percentage of total XP
 D = Non-vault monster count
 E = Vault monster count
 F = Vault count percentage of total count
                 A         B        C        D         E       F
            +---------+---------+-------+---------+---------+-------
      Total |      87 |       0 |   0.0 |      40 |       0 |   0.0
            +---------+---------+-------+---------+---------+-------
        D:1 |      39 |       0 |   0.0 |      24 |       0 |   0.0
        D:2 |      34 |       0 |   0.0 |      15 |       0 |   0.0
        D:3 |      14 |       0 |   0.0 |       1 |       0 |   0.0
            +---------+---------+-------+---------+---------+-------
